 Dungeon Crawl Stone Soup version 0.23-a0-494-g91793a9 (webtiles) character file.

319 MalarOregon the Ducker (level 6, -10/44 HPs)
             Began as a Merfolk Wizard on Dec 4, 2018.
             Killed by divine providence
             ... invoked by an orc priest
              (13 damage)
             ... on level 4 of the Dungeon.
             The game lasted 00:08:54 (4236 turns).

MalarOregon the Ducker (Merfolk Wizard)             Turns: 4236, Time: 00:08:55

Health: -10/44     AC:  4    Str:  7    XL:     6   Next: 46%
Magic:  3/11       EV: 14    Int: 20    God:
Gold:   179        SH:  0    Dex: 12    Spells: 7/12 levels left

rFire    . . .     SeeInvis .   c - +0 halberd
rCold    . . .     Gourm    .   (shield currently unavailable)
rNeg     . . .     Faith    .   a - +0 robe
rPois    .         Spirit   .   b - +0 hat
rElec    .         Reflect  .   k - +0 cloak
rCorr    .         Harm     .   q - +0 pair of gloves
MR       .....                  (no boots)
Stlth    ++........             (no amulet)
HPRegen  0.14/turn              (no ring)
MPRegen  0.12/turn              (no ring)

@: no status effects
A: change form in water, swift swim, stealthy swim
a: no special abilities


You were on level 4 of the Dungeon.
You were not hungry.

You visited 1 branch of the dungeon, and saw 4 of its levels.

You collected 179 gold pieces.

Inventory:

Hand Weapons
 c - a +0 halberd (weapon)
   (You took it off a gnoll on level 2 of the Dungeon)
 f - a +0 dagger
   (You took it off a goblin on level 1 of the Dungeon)
Armour
 a - a +0 robe (worn)
 b - a +0 hat (worn)
 i - a +0 buckler
   (You found it on level 3 of the Dungeon)
 k - a +0 cloak (worn)
   (You found it on level 1 of the Dungeon)
 l - a +0 shield
   (You found it on level 1 of the Dungeon)
 q - a +0 pair of gloves (worn)
   (You found it on level 4 of the Dungeon)
Jewellery
 d - an uncursed amulet of magic regeneration {unknown}
   (You found it on level 1 of the Dungeon)
Scrolls
 g - 3 scrolls of remove curse {@r2}
 p - 2 scrolls of teleportation {@r4}
Potions
 h - 2 potions of haste {@q3}
 m - 2 potions of cancellation
 n - a potion of heal wounds {@q2}
 t - a potion of mutation {!q}
Comestibles
 e - 3 rations {!d}
 o - a chunk of flesh


   Skills:
 + Level 2.3 Fighting
 + Level 2.8 Polearms
 + Level 4.2 Dodging
 - Level 2.1 Stealth
 + Level 1.3 Shields
 + Level 3.6 Spellcasting
 + Level 2.0 Conjurations
 + Level 2.1 Summonings
 + Level 1.7 Translocations


You had 7 spell levels left.
You knew the following spells:

 Your Spells              Type           Power        Failure   Level  Hunger
a - Magic Dart            Conj           ##..         6%          1    None
b - Blink                 Tloc           N/A          10%         2    ##.....
x - Call Imp              Summ           ##......     9%          2    ##.....

Your spell library contained the following spells:

 Spells                   Type           Power        Failure   Level  Hunger
 Slow                     Hex            #.......     21%         2    ##.....
 Conjure Flame            Conj/Fire      #.......     26%         3    ###....
 Mephitic Cloud           Conj/Pois/Air  #.......     30%         3    ###....


Dungeon Overview and Level Annotations

Branches:
Dungeon (4/15)
 Temple: D:4-7

Altars:


Message History

Your crimson imp closely misses the phantom.
The phantom hits you.
* * * LOW HITPOINT WARNING * * *
The phantom blinks!
The phantom blinks!
You are too injured to fight recklessly!
Unknown command.
Attack whom?
Aim: a phantom (moderately damaged)
You reach to attack!
You closely miss the phantom.
Your shadow imp hits the phantom but does no damage.
The phantom hits your shadow imp.
Your shadow imp hits the phantom but does no damage.
Attack whom?
Aim: a phantom (moderately damaged)
You could not reach far enough!
The phantom hits your shadow imp!
Your shadow imp dies!
Your crimson imp hits the phantom.
You closely miss the phantom.
Your crimson imp hits the phantom but does no damage.
The phantom closely misses you.
You closely miss the phantom.
Your crimson imp closely misses the phantom.
The phantom hits you.
* * * LOW HITPOINT WARNING * * *
Your crimson imp hits the phantom but does no damage.
Some of the chunks of flesh in your inventory have rotted away.
You barely miss the phantom. The phantom closely misses you.
Your crimson imp blinks!
The phantom misses you.
You hit the phantom but do no damage. The phantom barely misses you.
You closely miss the phantom.
The phantom blinks!
Your crimson imp blinks!
The phantom blinks!
You barely miss the phantom. The phantom hits you!
* * * LOW HITPOINT WARNING * * *
You miss the phantom. The phantom hits you.
* * * LOW HITPOINT WARNING * * *
You closely miss the phantom. The phantom barely misses you.
Your crimson imp hits the phantom but does no damage.
The phantom blinks!
Your crimson imp disappears in a puff of smoke!
There is a stone staircase leading down here.
You start resting.
Eating one of 2 chunks of flesh.
You eat one of the 2 chunks of flesh.
The phantom is too close now for your liking.
You climb downwards.
The orc priest calls down the wrath of Beogh upon you.
Beogh smites you!
You die...

##...###..... #. ##
#........#...##.
≈..o..###.......#....
# ≈≈..## ##o.##.###
#..### ≈§§.# #..## ##
#.... §§§..###..#
.#####..## ≈
#......## #........#
##......##...##....##
#.o@##......###....#
#.##...#..#..##..#..#
..#
###....#..##.###.)
.... ##...#....# ##.
### ##......# #.
##.....# #.
#...#..####..#
##..###.......
#........#####.


You could see an orc priest and an orc.

Vanquished Creatures
  Terence (D:2)
  Natasha (D:3)
  An adder (D:3)
  An ooze (D:2)
  A worm (D:3)
  3 dart slugs (D:1)
  A leopard gecko (D:1)
  3 orcs
  2 ball pythons
  2 giant cockroaches
  5 hobgoblins
  3 kobolds
  A quokka (D:2)
  2 bats (D:1)
  5 frilled lizards
  3 goblins
  A quokka skeleton (D:4)
  7 rats (D:1)
43 creatures vanquished.

Vanquished Creatures (collateral kills)
  2 ogres
  A hound (D:4)
  An orc priest (D:3)
  2 orc wizards (D:4)
  Natasha (twice) (D:3)
  3 gnolls (D:2)
  A worm (D:2)
12 creatures vanquished.

Grand Total: 55 creatures vanquished

Notes
Turn   | Place    | Note
-------+----------+-------------------------------------------
     0 | D:1      | MalarOregon the Merfolk Wizard began the quest for the Orb.
     0 | D:1      | Reached XP level 1. HP: 13/13 MP: 4/4
    83 | D:1      | Reached skill level 1 in Conjurations
    85 | D:1      | Reached skill level 3 in Dodging
    85 | D:1      | Reached XP level 2. HP: 20/20 MP: 0/6
   421 | D:1      | Reached skill level 1 in Fighting
   571 | D:1      | Learned a level 2 spell: Call Imp
   574 | D:1      | Learned a level 2 spell: Blink
   674 | D:1      | Reached XP level 3. HP: 26/26 MP: 0/7
  1241 | D:2      | Reached skill level 1 in Translocations
  1323 | D:2      | Reached skill level 1 in Polearms
  1325 | D:2      | Reached XP level 4. HP: 19/32 MP: 8/8
  1496 | D:2      | Noticed Terence
  1690 | D:2      | Killed Terence
  2154 | D:3      | Noticed an ogre
  2161 | D:3      | Killed an ogre
  2161 | D:3      | Reached XP level 5. HP: 11/38 MP: 1/10
  2664 | D:3      | Noticed Natasha
  2673 | D:3      | Killed Natasha
  2766 | D:3      | Noticed Natasha
  2773 | D:3      | Killed Natasha
  3086 | D:3      | Noticed Natasha
  3092 | D:3      | Killed Natasha
  3658 | D:4      | Noticed an ogre
  3667 | D:4      | Killed an ogre
  3667 | D:4      | Reached skill level 4 in Dodging
  3667 | D:4      | Reached skill level 1 in Shields
  3667 | D:4      | Reached XP level 6. HP: 44/44 MP: 5/11
  4180 | D:4      | Noticed a phantom
  4230 | D:3      | HP: 2/44 [phantom (6)]
  4236 | D:4      | Killed from afar by an orc priest

Vault maps used:
D:1:      dpeg_arrival_windows_large_door, minivault_14
D:2:      uniq_terence
D:3:      uniq_natasha
D:4:      minmay_temple_entry_mist, nicolae_gozag_seed_capital

Skill      XL: |  1  2  3  4  5  6 |
---------------+-------------------+-----
Conjurations   | 1 2 |  2.0
Dodging        | 3 4 |  4.2
Fighting       | 1 2 |  2.3
Translocations | 1 |  1.7
Polearms       | 1 2 |  2.8
Shields        | 1 |  1.3
Summonings     | 2 |  2.1
Stealth        | |  2.1
Spellcasting   | |  3.6

Action                   |  1- 3 |  4- 6 || total
-------------------------+-------+-------++-------
Melee: Unarmed           |     7 |       ||     7
       Dagger            |    20 |       ||    20
       Halberd           |    12 |    70 ||    82
 Cast: Magic Dart        |    45 |    41 ||    86
       Call Imp          |     4 |    27 ||    31
  Use: Scroll            |     3 |     4 ||     7
       Potion            |       |     1 ||     1
 Stab: Sleeping          |     2 |       ||     2
  Eat: Chunk             |     1 |    11 ||    12
Armor: Robe              |     5 |     6 ||    11
Dodge: Dodged            |    26 |    45 ||    71

Table legend:
 A = Non-vault XP
 B = Vault XP
 C = Vault XP percentage of total XP
 D = Non-vault monster count
 E = Vault monster count
 F = Vault count percentage of total count
                 A         B        C        D         E       F
            +---------+---------+-------+---------+---------+-------
      Total |     410 |      47 |  10.3 |      53 |       2 |   3.6
            +---------+---------+-------+---------+---------+-------
        D:1 |      44 |       0 |   0.0 |      25 |       0 |   0.0
        D:2 |      48 |      29 |  37.7 |       9 |       1 |  10.0
        D:3 |     167 |      18 |   9.7 |       9 |       1 |  10.0
        D:4 |     151 |       0 |   0.0 |      10 |       0 |   0.0
            +---------+---------+-------+---------+---------+-------
